Cogmind - Beta 15 @@@ ROGUE MODE // 2025.10.14 @ 01:08:51 Player: Bean Result: Self-destructed Performance ------------- Evolutions (2) 1000 Regions Visited (4) 800 Robots Destroyed (17) 85 Value Destroyed (250) 250 Prototype IDs (1) 20 Alien Tech Used (0) 0 Bonus (0) 0 TOTAL SCORE: 2155 Bonus ------- None Cogmind --------- Core Integrity 489/550 Matter 258/300 Energy 96/250 System Corruption 0% Temperature Danger (432) Movement Core (50) Location -8/Materials Parts ------- > --- POWER (1) -------- Ion Engine > --- PROPULSION (4) --- (None) > --- UTILITY (4) ------ Advanced Weight Redist. System Structural Scanner > --- WEAPON (2) ------- Improved Medium Laser Improved Medium Laser > --- INVENTORY (5) ---- Light Ion Engine Advanced Weight Redist. System Improved Terrain Scanner System Shield Improved Medium Laser Peak State ------------ > --- POWER ------------ Ion Engine > --- PROPULSION ------- Aluminum Leg Aluminum Leg Flight Unit VTOL Module > --- UTILITY ---------- Advanced Weight Redist. System Structural Scanner > --- WEAPON ----------- Improved Medium Laser Improved Medium Laser > --- INVENTORY -------- Light Ion Engine Advanced Weight Redist. System Improved Terrain Scanner Improved Medium Laser [Rating: 17] Favorites ----------- Power Ion Engine Engine Ion Engine Propulsion Aluminum Leg Leg Aluminum Leg Flight Unit Flight Unit Utility Small Storage Unit Device Improved Terrain Scanner Storage Small Storage Unit Weapon Medium Laser Energy Gun Medium Laser Build | -11 -10 -10 -9 -8 ------- Run | Yrd Mat Min Mat Mat Slots Evolved 4 | . . . 2 2 Power . | . . . . . Propulsion 2 | . . . 2 . Utility 2 | . . . . 2 Weapon . | . . . . . Parts Attached 16 | 7 . . 9 . Power 1 | 1 . . . . Engine 1 | 1 . . . . Core . | . . . . . Reactor . | . . . . . Propulsion 5 | 2 . . 3 . Treads . | . . . . . Leg 2 | 2 . . . . Wheel . | . . . . . Hover . | . . . . . Flight 3 | . . . 3 . Utility 4 | 2 . . 2 . Device 3 | 1 . . 2 . Storage 1 | 1 . . . . Processor . | . . . . . Hackware . | . . . . . Protection . | . . . . . Artifact . | . . . . . Weapon 6 | 2 . . 4 . Energy Gun 6 | 2 . . 4 . Energy Cannon . | . . . . . Ballistic Gun . | . . . . . Ballistic Cannon . | . . . . . Launcher . | . . . . . Special Weapon . | . . . . . Impact Weapon . | . . . . . Slashing Weapon . | . . . . . Piercing Weapon . | . . . . . Special Melee Weapon . | . . . . . Unidentified Prototypes 1 | . . . 1 . Parts Lost 3 | . . . 1 2 Power . | . . . . . Propulsion 3 | . . . 1 2 Utility . | . . . . . Weapon . | . . . . . Highest Loss Streak 2 | . . . 1 2 To Critical Strikes . | . . . . . Average Backups 3 | 1 2 3 4 4 Power . | . 1 1 1 1 Propulsion . | . . . . . Utility . | . . . 1 2 Weapon 1 | . 1 2 2 1 Tool/Special . | . . . . . Unused Backups 6 | . . . 2 4 Power 1 | . . . . 1 Propulsion . | . . . . . Utility 2 | . . . . 2 Weapon 3 | . . . 2 1 Tool/Special . | . . . . . Average Slot Usage (%) 88 | . 100 100 80 62 Engine 12 | . 14 14 11 9 Leg 22 | . 28 28 20 . Flight 3 | . . . 5 17 Device 14 | . 14 14 14 18 Storage 9 | . 14 14 6 . Energy Gun 24 | . 28 28 22 18 Peak Build Rating 17 | 9 9 9 17 14 Average Rating 10 | 5 9 9 12 13 On Entrance 8 | . 9 9 9 15 Naked Turns . | . . . . . Heaviest Build 17 | 15 15 15 17 12 Greatest Support 21 | 20 20 20 21 17 Greatest Overweight (x) . | . . . . . Average Overweight (x) . | . . . . . Largest Inventory Capacity 8 | 8 8 8 8 5 Average Capacity 7 | 7 8 8 6 5 Most Carried 8 | 4 3 3 8 5 Average Carried 3 | 1 2 3 4 4 Final Capacity 8 | 8 8 8 5 5 Final Carried 5 | 2 3 3 5 5 Class Distribution -------------------- 100% | Mutant Dominant Class ---------------- Mutant | -10/Materials Mutant | -10/Mines Mutant | -9/Materials Mutant | -8/Materials Resources | -11 -10 -10 -9 -8 ----------- Run | Yrd Mat Min Mat Mat Matter Collected 303 | 256 14 . 33 . Remotely . | . . . . . Salvage Created 356 | 50 108 . 140 58 Parts 34 | 7 12 . 14 1 Haulers Intercepted . | . . . . . Recyclers Shooed . | . . . . . Parts Field Recycled . | . . . . . Retrieved Matter . | . . . . . Parts Self-Destructed . | . . . . . Prevented . | . . . . . Kills | -11 -10 -10 -9 -8 ------- Run | Yrd Mat Min Mat Mat Combat Hostiles Destroyed 11 | . 6 . 4 1 Guns 10 | . 5 . 4 1 Classes Destroyed 6 | 1 2 . 2 1 Builder 1 | . . . 1 . Tunneler 3 | 3 . . . . Watcher 2 | . 1 . 1 . Swarmer 9 | . 6 . 3 . Grunt 1 | . . . . 1 Sentry 1 | . . . 1 . Best Kill Streak 4 | 2 4 . 2 1 Combat Bots Only 3 | . 3 . 2 1 Max Kills in Single Turn 1 | 1 1 . 1 1 Gunslinging . | . . . . . Exploded . | . . . . . Melee . | . . . . . Uniques/NPCs Destroyed . | . . . . . Combat | -11 -10 -10 -9 -8 -------- Run | Yrd Mat Min Mat Mat Hostile Shots Fired 84 | . 26 . 42 16 Missed 32 | . 4 . 25 3 Hits 52 | . 22 . 17 13 Projectile 52 | . 22 . 17 13 Critical Strikes 2 | . . . 1 1 Damage Taken 571 | . 166 . 203 202 Core 129 | . 10 . 58 61 Absorbed by Shields . | . . . . . Core Remaining (%) 93 | 100 . 96 85 . Volleys Fired 48 | 8 17 . 10 13 Largest 2 | 2 2 . 2 2 Hottest 112 | 100 100 . 112 112 Shots Fired 96 | 16 34 . 20 26 Gun 96 | 16 34 . 20 26 Cannon . | . . . . . Launcher . | . . . . . Special . | . . . . . Kinetic . | . . . . . Thermal 96 | 16 34 . 20 26 Explosive . | . . . . . Electromagnetic . | . . . . . Robot Hit Streak 6 | 4 3 . 6 4 Robot Miss Streak 5 | 3 3 . 5 2 Penetration Max . | . . . . . Secondary Targets . | . . . . . Shots Hit Robots 40 | 8 12 . 11 9 Core Hits 18 | 3 6 . 7 2 Critical Kills . | . . . . . Critical Parts Destroyed . | . . . . . Critical Strikes 5 | . 2 . 2 1 Burn 5 | . 2 . 2 1 Melee Attacks . | . . . . . Impact . | . . . . . Slashing . | . . . . . Piercing . | . . . . . Sneak Attacks . | . . . . . Combat Hostiles . | . . . . . Follow-up Attacks . | . . . . . Damage Inflicted 583 | 101 161 . 173 148 Guns 583 | 101 161 . 173 148 Cannons . | . . . . . Explosions . | . . . . . Melee . | . . . . . Ramming . | . . . . . Kinetic . | . . . . . Thermal 583 | 101 161 . 173 148 Explosive . | . . . . . Electromagnetic . | . . . . . Impact . | . . . . . Slashing . | . . . . . Piercing . | . . . . . Highest Corruption . | . . . . . Average Corruption . | . . . . . Corruption Purged . | . . . . . Corruption Blocked . | . . . . . Overload Shots . | . . . . . Overflow Damage . | . . . . . Projectiles . | . . . . . Explosions . | . . . . . Melee . | . . . . . Knockbacks . | . . . . . Impact . | . . . . . Kinetic . | . . . . . Secondary . | . . . . . Self-Inflicted Damage . | . . . . . Shots . | . . . . . Rammed . | . . . . . Targets Rammed . | . . . . . Kicked . | . . . . . Crushed . | . . . . . Highest Temperature 432 | 234 390 . 135 432 Average Temperature 123 | 99 158 . 51 156 Received Heat Transfer 201 | . . . 75 126 Siege Activations . | . . . . . Martial Activations . | . . . . . Shielding Activations . | . . . . . Robots Disrupted . | . . . . . Combat Hostiles . | . . . . . Robots Corrupted . | . . . . . Combat Hostiles . | . . . . . Parts Fried . | . . . . . Impact Corruptions . | . . . . . Robots Melted 1 | . 1 . . . Combat Hostiles 1 | . 1 . . . Parts Melted 4 | . 2 . 2 . Heat Transferred 1887 | 296 629 . 555 407 Parts Sabotaged . | . . . . . Parts Stolen . | . . . . . Parts Stripped . | . . . . . Power Chain Reactions . | . . . . . Alert | -11 -10 -10 -9 -8 ------- Run | Yrd Mat Min Mat Mat Maximum Alert Level . | . . . . . Low Security (%) 100 | 100 100 100 100 100 Level 1 . | . . . . . Level 2 . | . . . . . Level 3 . | . . . . . Level 4 . | . . . . . Level 5 . | . . . . . High Security . | . . . . . Max Security . | . . . . . Peak Influence 112 | 5 112 23 110 48 Initial 42 | . . 23 . 42 Average 30 | . 71 3 25 31 Influence Increases 421 | 15 171 . 199 36 Destroy 0b10 Robot/C 220 | . 120 . 80 20 Destroy 0b10 Robot/NC 30 | 15 5 . 10 . Destroy Leader 44 | . 22 . 12 10 Successful Hack 21 | . 9 . 6 6 Disable Machine 15 | . . . 15 . Destroy Structure 1 | . . . 1 . Lose Combat Pursuer 90 | . 15 . 75 . Influence Decreases 393 | 15 110 61 99 108 Entered New Map 96 | . . 38 . 58 Time Decay 267 | 15 110 23 89 30 Lost Part 30 | . . . 10 20 Squads Dispatched 5 | . 1 . 2 2 Investigation 2 | . . . 1 1 Extermination . | . . . . . Reinforcement 3 | . 1 . 1 1 Assault . | . . . . . Garrison . | . . . . . Intercept . | . . . . . Searches Triggered . | . . . . . Construction Impeded . | . . . . . Haulers Reinforced . | . . . . . Active Scanning Responses . | . . . . . Cargo Convoy Interrupts . | . . . . . Stealth | -11 -10 -10 -9 -8 --------- Run | Yrd Mat Min Mat Mat Distress Signals 1 | . . . . 1 Communications Jammed . | . . . . . Distress Signals . | . . . . . Times Spotted 43 | . 10 . 26 7 Peak Tracking Total 16 | . 4 . 16 5 Tactical Retreats 3 | . 1 . 2 . Traps | -11 -10 -10 -9 -8 ------- Run | Yrd Mat Min Mat Mat Traps Triggered . | . . . . . Indirectly . | . . . . . Trap Hack Attempts . | . . . . . Triggered . | . . . . . Disarmed . | . . . . . Reprogrammed . | . . . . . Reused . | . . . . . Traps Extracted . | . . . . . Installed . | . . . . . Triggered . | . . . . . Machines | -11 -10 -10 -9 -8 ---------- Run | Yrd Mat Min Mat Mat Machines Disabled 1 | . . . 1 . Max in Single Turn 1 | . . . 1 . Machines Repaired . | . . . . . Machines Dismantled . | . . . . . Machines Sabotaged . | . . . . . Overloaded Fab Kills . | . . . . . Hacking | -11 -10 -10 -9 -8 --------- Run | Yrd Mat Min Mat Mat Machines Accessed 8 | . 4 . 3 1 Terminals 6 | . 2 . 3 1 Fabricators . | . . . . . Repair Stations . | . . . . . Recycling Units 2 | . 2 . . . Scanalyzers . | . . . . . Garrison Access . | . . . . . Total Hacks 14 | . 5 . 6 3 Successful 7 | . 4 . 2 1 Failed 7 | . 1 . 4 2 Catastrophic 3 | . 1 . 1 1 Database Lockouts . | . . . . . Manual 12 | . 5 . 4 3 Terminals 12 | . 3 . 6 3 Fabricators . | . . . . . Repair Stations . | . . . . . Recycling Units 2 | . 2 . . . Scanalyzers . | . . . . . Garrison Access . | . . . . . Terminal Hacks 2 | . 1 . 1 . Emergency Access Points 1 | . . . 1 . Terminal Index 1 | . 1 . . . Fabricator Hacks . | . . . . . Repair Station Hacks . | . . . . . Recycling Unit Hacks . | . . . . . Scanalyzer . | . . . . . Garrison Access Hacks . | . . . . . Unauthorized Hacks 5 | . 3 . 1 1 Terminals 3 | . 1 . 1 1 Operators 3 | . 1 . 1 1 Fabricators . | . . . . . Repair Stations . | . . . . . Recycling Units 2 | . 2 . . . Reject 2 | . 2 . . . Scanalyzers . | . . . . . Garrison Access . | . . . . . Data Cores Recovered . | . . . . . Used . | . . . . . Hacking Detections 6 | . 2 . 3 1 Full Trace Events 2 | . . . 1 1 Feedback Events . | . . . . . Feedback Blocked . | . . . . . Robot Schematics Acquired . | . . . . . Robots Built . | . . . . . Authchips . | . . . . . Time . | . . . . . Total Robot Build Rating . | . . . . . Part Schematics Acquired . | . . . . . Parts Built . | . . . . . Authchips . | . . . . . Time . | . . . . . Total Part Build Rating . | . . . . . Parts Repaired . | . . . . . Time . | . . . . . Parts Recycled . | . . . . . Recycled Matter . | . . . . . Retrieved Matter . | . . . . . Retrieved Components . | . . . . . Parts Scanalyzed . | . . . . . Part Schematics Acquired . | . . . . . Parts Damaged . | . . . . . Bothacking | -11 -10 -10 -9 -8 ------------ Run | Yrd Mat Min Mat Mat Used RIF Installer . | . . . . . Robots Hacked . | . . . . . Non-combat . | . . . . . Combat . | . . . . . Robot Hacks Applied . | . . . . . Relay Couplers Released . | . . . . . Fabnet Peak Effective % . | . . . . . Robots Rewired . | . . . . . Allies Hacked . | . . . . . Hacks Repelled . | . . . . . Allies | -11 -10 -10 -9 -8 -------- Run | Yrd Mat Min Mat Mat Total Allies . | . . . . . Largest Group . | . . . . . Highest-Rated Group . | . . . . . Highest-Rated Ally . | . . . . . Total Orders . | . . . . . Ally Attacks . | . . . . . Total Damage . | . . . . . Kills . | . . . . . Allies Corrupted . | . . . . . Allies Melted . | . . . . . Intel | -11 -10 -10 -9 -8 ------- Run | Yrd Mat Min Mat Mat Active Infowar (turns) 803 | 21 250 197 259 76 Terrain 633 | 21 250 197 165 . Structural 170 | . . . 94 76 Robot Analysis Total . | . . . . . Derelict Logs Recovered . | . . . . . Drone Launches . | . . . . . Drone Recoveries . | . . . . . Exploration | -11 -10 -10 -9 -8 ------------- Run | Yrd Mat Min Mat Mat Turns Passed 952 | 128 250 197 301 76 Spaces Moved 785 | 81 160 164 287 93 Core 12 | 12 . . . . Treads . | . . . . . Legs 508 | 69 160 164 115 . Wheels . | . . . . . Hover . | . . . . . Flight 265 | . . . 172 93 Fastest Speed 37 | 50 120 120 42 37 Average Speed 94 | 109 120 120 78 37 Slowest Speed 120 | 120 120 120 120 37 Overloaded Moves . | . . . . . Propulsion Burnouts . | . . . . . Robots Hopped . | . . . . . Potential Cave-ins . | . . . . . Cave-ins Triggered . | . . . . . Exploration Rate (%) 27 | 4 36 48 38 12 Regions Visited 4 Branch Regions 1 Pre-discovered Areas . | . . . . . Known Exits Taken . | . . . . . Unknown Exits Taken 4 | 1 1 1 1 . Scrap Searched . | . . . . . Spaces Dug . | . . . . . Terrain Destroyed . | . . . . . Melee . | . . . . . Projectile . | . . . . . AOE . | . . . . . Terrain Rammed . | . . . . . Walls Destroyed . | . . . . . Machines Disabled . | . . . . . Actions | -11 -10 -10 -9 -8 --------- Run | Yrd Mat Min Mat Mat Total 903 | 104 184 164 342 109 Wait 27 | . 7 1 19 . Move 781 | 80 159 163 286 93 Hop . | . . . . . Pick Up 22 | 9 1 . 11 1 Fast Attach . | . . . . . Attach 10 | 7 . . 3 . Detach . | . . . . . Swap 6 | . . . 6 . Drop 9 | . . . 7 2 Fire 48 | 8 17 . 10 13 Melee . | . . . . . Ram . | . . . . . Kick . | . . . . . Crush . | . . . . . Escape Stasis . | . . . . . Rewire . | . . . . . Trap . | . . . . . Miscellaneous . | . . . . . Route ------- -11/Scrapyard -10/Materials (discovered 2 exits: *Mat / [*Min]) -10/Mines -9/Materials -8/Materials History --------- Turn | Location | Event 44 | -11/Scrapyard | Discovered new exit (range 13) 129 | -11/Scrapyard | Entered Materials 284 | -10/Materials | Discovered new exit (range 10) 301 | -10/Materials | Build established: Mutant 352 | -10/Materials | Discovered new exit (range 5) 379 | -10/Materials | Entered Mines 389 | -10/Mines | Assembled infested the area 572 | -10/Mines | Discovered new exit (range 5) 576 | -10/Mines | Entered Materials 576 | -9/Materials | Evolved 2 slots: Propulsion x2 871 | -9/Materials | Discovered new exit (range 14) 877 | -9/Materials | Entered another Materials area 877 | -8/Materials | Evolved 2 slots: Utility x2 953 | -8/Materials | Self-destructed Last Messages --------------- Operator tracking enabled and active. K-01 Serf collects debris. Connecting with Terminal... ALERT: Suspicious activity at Terminal M007. Dispatching Investigation squad. K-01 Serf collects debris. O-16 Technician sends out distress signal. O-16 Technician: "IFF HANDSHAKE FAILED. SECURING TERMINAL." Destroyed Datajack. Critical hit (Burn: +37). K-01 Serf collects debris. ALERT: Hostiles spotted, dispatching reinforcements to Terminal M005. Destroyed Lgt. Nuclear Core. G-47 Trooper suffers critical hit (Burn). G-47 Trooper heat damages Particle Gun, Aluminum Leg. G-47 Trooper destroyed. Flight Unit destroyed. Map ----- +----------------------------------------------------+ | ########???????????????????????????????????? | | ################?????????????????????? | | """ ################## ??????????????????? | | """ ## + ??????????????????? | | """ ## ############# ??????????????????? | | + ###########?????????????????????? | | = ## ##???????????? ???????????????? | | ######## ##??????????###+###?????????????? | | ######## # ??????????### ###?????????????? | | # # # ??????????# ???????????? | | #""" # # ????????? + ??????????? | | #""" # # ????????? # ! ??????????? | | #""" ! # # ????????? # !! "??????????? | | # + # ????????? # !! "??????????? | | # / # # ????????? # !] ! ???????????? | | ###+#### ###????????## ????????????? | | ## ############# ?????????????? | | [ # ############ ??????????????? | | # ## ##??????????????? | | + T ## # ??????????????? | | # ## + ???o??????????? | | """"" # ####### # ??????????????? | | """"" ############# w # ??????????????? | | """"" ########??##T ###g########?????????? | | ########????????### ###/########?????????? | | ########???????? # # @ + ?????????? | | ????????????????? # # ##?????????? | | ????????????????? # #% ##?????????? | | ????????????????? / ggY ##?????????? | | ????????????????? # ############?????????? | | ??????????????? # # #### ?????????? | | ???????????????#### # ???????????????????? | | ???????????????#### # ???????????????????? | | ????????????????? # # ???????????????????? | | ????????????????? # # ???????????????????? | | ????????????????? + + ???????????????????? | | ????????????????? # # ???????????????????? | | ????????????????? # ?????????????????????? | | ???????????????????????????????????????????? | | ???????????????????????????????????????????? | | ???????????????????????????????????????????? | | ???????????????????????????????????????????? | | ???????????????????????????????????????????? | | ???????????????????????????????????????????? | | ???????????????????????????????????????????? | | ???????????????????????????????????????????? | | ???????????????????????????????????????????? | | ???????????????????????????????????????????? | | ???????????????????????????????????????????? | | ???????????????????????????????????????????? | +----------------------------------------------------+ Best States ------------- Heat Dissipation 31 Energy Generation 10 Energy Capacity 250 Matter Stores 300 Matter Capacity 300 Sight Range 16 Terrain Scan Range 16 Terrain Scan Density 10 Additional Mass Support 9 Evasion (%) 62 Item Schematics ----------------- None Robot Schematics ------------------ None Fabricated ------------ Nothing Repaired ---------- Nothing Alien Tech Used ----------------- None Achievements -------------- None Challenges ------------ None Game ------ Seed IntegrityQuantumShotgun Manual? 0 Play Time 00:12:33 Cumulative 30.4 hours Start 2025.10.14 @ 00:55:46 End 2025.10.14 @ 01:08:51 Sessions 1 Manual Loads 0 Difficulty Rogue Special Mode None Game No. 76 Rogue 76 Adventurer 0 Explorer 0 Win Type - Total 0 Types 0/0/0/0/0/0/0/0/0/0 Lore% 23 Gallery% 30 Achievement% 28 Wizard Run 0 Options --------- Layout 2 ASCII 0 Keyboard 0 Movement Numpad Keybinds 0 Fullscreen 1 Font 24/Smallcaps Map View 50x44 Zoom Use 0% Tactical HUD 0 Map Filters NONE Filters NONE Steam 1 RUN: 4fb2021b-954b-428f-a2e0-a3ad5f9d41ef